riotbit, chaotic male elven Ranger ---- ---- |).| --..-- ------ ---- ..| --..| - |....| --.|..|---..| ..| --- |.%.---.| |-..-- |.....--....| ......| -.----.---------.......| |...| |...^......-- .......| -.....`.......|........-- |..-- --.--..--.-- ........-- ..----....---..(.)...[...- --..| --|...|--- .......[.--- -. --.-..---....---.....--..@| ---.------ ..........). ..................--...M.| |...--.|.-- ..|.<..%.-- ---^.......--....--|.---.| ---.--......| .|.......-- --.......-|....| |.| |.| |...|.......-- --.........-- ---- ---....^.|--..--|.| |.| |.----.......| ----|...........-----..| --.....| --...|.| |.| --............-- |..|--....).)...).--...-- -..---- ---.|.| |.------|...---........| |..--|...*.*............-- -..- |...| |...--.--.---|.-.......| --...|...).).....--......--...| --.----........| --..-......| ---.--.--......-- -.........-- |..| |......--- |..........-- |............| .>......-- |..| --.|.--- |....|.|....| -------------- -.|.--.-- ---- ----- --..------.-- -------- ---- --- riotbit the Trailblazer Experience level: 9 Strength: 16 Dexterity: 12 Constitution: 16 Intelligence: 14 Wisdom: 14 Charisma: 8 Health: 0(49) Energy: 56(56) Def: 11 Gold: 40 Moves: 7605 Dungeon seed: Lf9OZwsKp-GiMJsq Game ID: riotbit_1449944955 Your Inventory: Coins $ - 40 gold pieces Weapons a - a blessed +1 elven dagger (weapon in hand) b - a +1 elven bow (alternate weapon; not wielded) f - 2 cursed -1 arrows q - a rusty +0 arrow t - 2 +0 elven arrows L - a +0 arrow (in quiver) S - a cursed +0 arrow Armor e - an uncursed +2 elven cloak (being worn) n - an uncursed very rusty +0 pair of iron shoes (being worn) r - an uncursed +0 dwarvish mithril-coat (being worn) y - an uncursed rusty +0 dwarvish iron helm (being worn) z - an uncursed +0 pair of leather gloves (being worn) Comestibles G - 3 uncursed food rations W - an uncursed partly eaten food ration Scrolls d - an uncursed scroll of create monster h - a blessed scroll of gold detection p - 7 uncursed scrolls of blank paper s - an uncursed scroll of destroy armor w - an uncursed scroll of enchant armor x - an uncursed scroll of teleportation A - a blessed scroll of create monster K - a cursed scroll of gold detection M - 2 uncursed scrolls of remove curse N - a cursed scroll of enchant weapon P - an uncursed scroll of scare monster Q - an uncursed scroll of enchant weapon T - 2 uncursed scrolls of earth X - a cursed scroll of fire Z - a cursed scroll of destroy armor Potions c - an uncursed potion of full healing k - an uncursed potion of speed l - an uncursed potion of paralysis u - an uncursed potion of water v - a potion of unholy water R - a cursed potion of healing U - a blessed potion of see invisible V - 2 uncursed potions of object detection Rings i - a cursed ring of hunger Wands J - a wand of sleep named slow (0:2) O - a wand of create monster (0:12) Y - a wand of sleep (0:6) Tools g - an uncursed skeleton key j - an uncursed leash m - 6 uncursed tallow candles (0:200) o - an uncursed mirror B - an uncursed towel C - an uncursed skeleton key D - a blessed wax candle (0:400) E - an uncursed brass lantern (0:0) F - 3 blessed tallow candles (0:200) H - a bag of tricks (0:16) I - an uncursed tin whistle Spells and supernatural/magical abilities: Name Level Category Fail Memory s - slow monster 2 enchantment 100% 80% W - pray for help -- divine ? -- Your skills at the end: Fighting Skills bare handed combat [Basic] Weapon Skills dagger [Basic] bow [Expert] Spellcasting Skills Final Attributes: You were piously aligned. You were sleep resistant. You were poison resistant. You were telepathic. You had automatic searching. You had infravision. You were stealthy. You aggravated monsters. You could teleport. You are dead. Vanquished creatures: an earth elemental a water elemental 4 small mimics an ettin mummy a wood golem 2 large dogs a flaming sphere a gargoyle a carnivorous ape a crocodile 2 lynxes a giant spider a vampire bat 2 gnome kings a rust monster 4 chickatrices a dog 2 dwarf lords a dust vortex a raven an ape 6 bugbears an imp 2 wood nymphs 2 mountain nymphs a rock piercer a rock mole a fog cloud a shrieker 8 gnome lords 3 gnomish wizards a kobold mummy 2 gray oozes a barrow wight 2 paper golems 4 giant ants a little dog 3 floating eyes a kitten 13 dwarves a kobold lord a rothe a rabid rat 2 giant bats 4 dwarf zombies 2 iguanas 5 killer bees an acid blob 3 hobbits 11 manes a large kobold 3 hobgoblins a giant rat 6 cave spiders a yellow mold 40 gnomes a gnome zombie 2 geckos 4 jackals a fox a kobold 3 goblins 4 sewer rats 7 grid bugs a bat 4 lichens 2 kobold zombies a newt 199 creatures vanquished. Voluntary challenges: You had been an atheist until turn 1930. You used a wielded weapon 74 times, starting on turn 1400. You read items or engraved 7 times, starting on turn 903. You never genocided any monsters. You never polymorphed an object. You never changed form. You used no wishes. You never split a pudding. You wrote Elbereth's name 2 times, starting on turn 903. You violated your moral code, losing 34 points of alignment, starting on turn 234. Dungeon overview: The Dungeons of Doom: levels 1 to 9 Level 1 a long staircase Level 2 Level 3 a bookstore, some fountains stairs to The Gnomish Mines Level 4 Level 5 an altar to Mercury Level 6 a throne Level 7 a potion shop, a fountain Level 8 many fountains Level 9 an altar to Mars, some fountains stairs to Sokoban The Gnomish Mines: levels 4 to 11 Level 4 stairs to The Dungeons of Doom Level 5 Level 6 some shops, a temple to Mars, some fountains Level 7 Level 10 Level 11 <- You were here Sokoban: levels 7 to 8 Level 7 Level 8 stairs to The Dungeons of Doom History has recorded: On T:1 you entered the Dungeons of Doom to retrieve the Amulet of Yendor! On T:178 you reached level 2 of The Dungeons of Doom. On T:234 you advanced to experience level 2. On T:422 you reached level 3 of The Dungeons of Doom. On T:423 you advanced to experience level 3. On T:880 you reached level 1 of The Gnomish Mines. On T:909 you advanced to experience level 4. On T:993 you advanced to experience level 5. On T:1297 you reached level 2 of The Gnomish Mines. On T:1469 you advanced to experience level 6. On T:1702 you reached level 3 of The Gnomish Mines. On T:2407 you reached level 4 of The Dungeons of Doom. On T:2769 you advanced to experience level 7. On T:2812 you reached level 5 of The Dungeons of Doom. On T:3127 you reached level 6 of The Dungeons of Doom. On T:3177 you advanced to experience level 8. On T:3830 you reached level 8 of The Dungeons of Doom. On T:4288 you reached level 9 of The Dungeons of Doom. On T:4372 you reached level 4 of Sokoban. On T:5345 you reached level 3 of Sokoban. On T:5960 you advanced to experience level 9. On T:6085 you reached level 4 of The Gnomish Mines. On T:6511 you reached level 7 of The Gnomish Mines. On T:7034 you reached level 8 of The Gnomish Mines. Score breakdown: Gold: 40 ( 5486 points) Experience: 9 levels (15756 points) Exploration: 11 levels ( 21.57%) (13416 points) Discoveries: 11 items ( 3.79%) ( 5842 points) Valuables value: (no points given unless you survive) Artifact value: 0 ( 0 points) Variety of kills: 68 monsters ( 17.85%) (12673 points) Turncount: 7605 turns (-1974 points) Survival: died (score multiplied by 80%) Total score: 40959 Latest messages: h - a blessed scroll labeled VERR YED HORRE. s - an uncursed scroll labeled ZELGO MER. p - 3 uncursed unlabeled scrolls. u - an uncursed clear potion. E - an uncursed brass lantern. i - an uncursed figurine of a fox. t - an uncursed figurine of an acid blob. g - an uncursed key. C - an uncursed key. j - an uncursed leash. m - 5 uncursed tallow candles. B - an uncursed towel. D - a blessed wax candle. l - 2 cursed wax candles. The sleep ray hits the giant mummy. The sleep ray bounces! The giant mummy just misses! The giant mummy hits! You die... Your body rises from the dead as an elf mummy... Final status: Goodbye riotbit the Ranger, killed by a giant mummy... You died in The Gnomish Mines on dungeon level 11 with 40959 points, and 40 pieces of gold, after 7605 moves. You were level 9 with a maximum of 49 hit points when you died.